 Dungeon Crawl Stone Soup version 0.25-a0-365-g7600c65aa0 (webtiles) character file.

Game seed: 1511109701675880410, levelgen mode: deterministic

825 ANON1729 the Slasher (level 7, 0/56 HPs)
             Began as a Barachi Fighter on Jan 5, 2020.
             Was an Initiate of Jiyva.
             Slain by an ogre
             ... wielding a +0 giant club
              (16 damage)
             ... on level 5 of the Dungeon.
             The game lasted 00:07:38 (3741 turns).

ANON1729 the Slasher (Barachi Fighter)              Turns: 3741, Time: 00:07:38

Health: 0/56       AC: 14    Str: 19    XL:     7   Next: 96%
Magic:  8/8        EV:  5    Int:  8    God:    Jiyva [......]
Gold:   174        SH:  9    Dex: 12    Spells: 6/6 levels left

rFire    + . .     SeeInvis .   a - +0 long sword
rCold    + . .     Gourm    .   c - +0 shield
rNeg     . . .     Faith    .   l - +1 chain mail {MR+}
rPois    .         Spirit   .   (no helmet)
rElec    .         Reflect  .   e - scarf {rC+ rF+}
rCorr    .         Harm     .   n - +2 pair of gloves
MR       +....                  (no boots)
Stlth    ..........             (no amulet)
HPRegen  0.18/turn              (no ring)
MPRegen  0.11/turn              (no ring)

@: slow
A: +LOS, swims, slowness 1, strong legs 1
a: Hop, Renounce Religion


You were on level 5 of the Dungeon.
You worshipped Jiyva.
Jiyva was noncommittal.
You were not hungry.

You visited 2 branches of the dungeon, and saw 6 of its levels.

You collected 174 gold pieces.

Inventory:

Hand Weapons
 a - a +0 long sword (weapon)
Armour
 b - a +0 scale mail
 c - a +0 shield (worn)
 e - a scarf of resistance (worn)
 l - a +1 chain mail of magic resistance (worn)
 n - a +2 pair of gloves (worn)
Scrolls
 d - 2 scrolls of remove curse {unknown}
 g - 4 scrolls of identify {unknown}
 h - a scroll of teleportation {unknown}
 j - 2 scrolls of blinking {unknown}
 m - a scroll of amnesia {unknown}
Potions
 i - a potion of heal wounds {unknown}
 k - 3 potions of curing {unknown}
 o - a potion of agility {unknown}
 p - a potion of haste
 q - a potion of lignification {unknown}
Comestibles
 f - 7 rations
 r - a chunk of flesh


   Skills:
 + Level 5.5 Fighting
 * Level 6.9 Long Blades
 + Level 5.3 Armour
 - Level 0.9 Dodging
 + Level 2.8 Stealth
 - Level 4.0 Shields
   Level 1.7 Invocations


You had 6 spell levels left.
You didn't know any spells.
Your spell library was empty.

Dungeon Overview and Level Annotations

Branches:
Dungeon (5/15)             Temple (1/1) D:4

Altars:
Ashenzari
Cheibriados
Dithmenos
Elyvilon
Fedhas
Gozag
Kikubaaqudgha
Makhleb
Nemelex Xobeh
Qazlal
Ru
Sif Muna
Vehumet
Xom
Yredelemnul
Zin
The Shining One
Jiyva


Innate Abilities, Weirdness & Mutations

You can be seen from farther away. (+LOS)
You can swim through water.
You cover ground slowly.
You can hop short distances.


Message History

You close the door.
Something unseen opens the door.
You close the door.
Something unseen opens the door.
You close the door.
Something unseen opens the door.
You close the door.
Something unseen opens the door.
You close the door.
Something unseen opens the door.
You close the door.
Something unseen opens the door.
There's a creature in the doorway!
There's a creature in the doorway!
There's a creature in the doorway!
There's a creature in the doorway!
There's a creature in the doorway!
There's a creature in the doorway!
There's a creature in the doorway!
There's a creature in the doorway!
There's a creature in the doorway!
There's a creature in the doorway!
There's a creature in the doorway!
There's a creature in the doorway!
The ogre hits you with a +0 giant club!
You die...

#.....##..######'########....#
#.....##..##.....##...)#....##
.....>.................#.....#
.... ............##....##....#
#..##.########...##############
### #.########...# #...<...# .
...........# #.⌠...⌠.# #
.........O.# #.......#
>........@.# #.⌠÷..⌠.#
#+##..###..# #.......#
#..###..# #.⌠...⌠.#
#.......######.......#
#............####.####
#...##...###......# #### #####
########


You could see an ogre.

Vanquished Creatures
  2 phantoms (D:4)
  An ice beast (D:5)
  An ogre (D:4)
  A scorpion (D:3)
  3 crimson imps
  A bullfrog zombie (D:5)
  A hound (D:4)
  An iguana (D:4)
  A bullfrog skeleton (D:5)
  A worker ant (D:5)
  A statue (D:5)
  9 adders
  2 oozes
  A worm (D:3)
  A dart slug (D:3)
  3 leopard geckos (D:3)
  4 orcs
  2 ball pythons
  8 bats
  9 giant cockroaches
  4 hobgoblins (D:1)
  3 jackals
  A quokka (D:4)
  4 frilled lizards
  A goblin (D:1)
  8 kobolds
  A leopard gecko zombie (D:3)
  7 rats
82 creatures vanquished.

Vanquished Creatures (others)
  2 fungi (D:4)
  A plant (D:4)
3 creatures vanquished.

Grand Total: 85 creatures vanquished

Notes
Turn   | Place    | Note
-------+----------+-------------------------------------------
     0 | D:1      | ANON1729 the Barachi Fighter began the quest for the Orb.
     0 | D:1      | Reached XP level 1. HP: 18/18 MP: 1/1
   383 | D:1      | Reached XP level 2. HP: 21/25 MP: 2/2
   917 | D:1      | Reached XP level 3. HP: 24/30 MP: 3/3
  1005 | D:2      | Found a glowing golden altar of the Shining One.
  1096 | D:2      | Reached skill level 3 in Long Blades
  1351 | D:4      | Reached XP level 4. HP: 7/37 MP: 4/4
  1358 | D:4      | Reached skill level 4 in Long Blades
  1989 | D:3      | Found a shadowy altar of Dithmenos.
  2120 | D:2      | Reached XP level 5. HP: 40/42 MP: 5/5
  2204 | D:2      | Became a worshipper of the Shining One
  2352 | D:3      | Reached skill level 5 in Long Blades
  2370 | D:3      | Reached skill level 1 in Stealth
  2387 | D:3      | Found a burning altar of Makhleb.
  2453 | D:3      | Reached XP level 6. HP: 49/49 MP: 6/6
  2480 | D:4      | Noticed a phantom
  2527 | D:4      | Killed a phantom
  2527 | D:4      | Reached skill level 1 in Invocations
  2801 | D:4      | Reached XP level 7. HP: 55/55 MP: 6/8
  2820 | D:4      | Found a stormy altar of Qazlal.
  2861 | D:4      | Found a blossoming altar of Fedhas.
  2962 | D:4      | Reached skill level 5 in Fighting
  2962 | D:4      | Reached skill level 6 in Long Blades
  3073 | D:4      | Found a staircase to the Ecumenical Temple.
  3227 | Temple   | Entered the Ecumenical Temple
  3328 | Temple   | Fell from the grace of the Shining One
  3328 | Temple   | Became a worshipper of Jiyva Jyoxisie the Shapeless
  3401 | D:5      | Entered Level 5 of the Dungeon
  3442 | D:5      | Reached skill level 5 in Armour
  3497 | D:5      | Found a radiant altar of Vehumet.
  3741 | D:5      | Slain by an ogre

Levels and vault maps discovered:
D:1:      dpeg_arrival_round_a, layout_basic, serial_glass, glass_columns_a,
          glass_columns_c
D:2:      layout_basic, nicolae_overflow_hidden_temple,
          overflow_temple_1_default
D:3:      layout_rooms, makhleb_grotto_becter,
          nicolae_dithmenos_through_a_glass_darkly
D:4:      layout_gridville, grunt_temple_overflow_forces_of_nature,
          minmay_temple_entry_enclosed_plants
D:5:      minmay_angry_zag, layout_gridville, vehumet_statue,
          gammafunk_temple_overflow_forgotten, first_ration, grunt_ministairs_3
Temple:   pf_slimified_temple

Skill      XL: |  1  2  3  4  5  6  7 |
---------------+----------------------+-----
Shields        | 4 |  4.0
Fighting       | 4 5 |  5.5
Long Blades    | 3 4 5 6 |  6.9
Armour         | 4 5 |  5.3
Stealth        | 1 2 |  2.8
Invocations    | 1 |  1.7
Dodging        | |  0.9

Action                   |  1- 3 |  4- 6 |  7- 9 || total
-------------------------+-------+-------+-------++-------
Melee: Long sword        |    82 |   199 |   113 ||   394
 Abil: Hop               |       |       |     1 ||     1
  Use: Potion            |     1 |       |       ||     1
  Eat: Chunk             |       |     7 |     4 ||    11
Armor: Scale mail        |    49 |    26 |       ||    75
       Chain mail        |       |    87 |    60 ||   147
Dodge: Dodged            |    26 |    59 |    23 ||   108
Block: Shield            |    60 |   113 |    50 ||   223
       Rpst.: Long sword |     8 |    18 |     6 ||    32

Table legend:
 A = Non-vault XP
 B = Vault XP
 C = Vault XP percentage of total XP
 D = Non-vault monster count
 E = Vault monster count
 F = Vault count percentage of total count
                 A         B        C        D         E       F
            +---------+---------+-------+---------+---------+-------
      Total |    1034 |     145 |  12.3 |      78 |       4 |   4.9
            +---------+---------+-------+---------+---------+-------
        D:1 |      36 |       0 |   0.0 |      17 |       0 |   0.0
        D:2 |      32 |       0 |   0.0 |       9 |       0 |   0.0
        D:3 |     145 |      50 |  25.6 |      29 |       1 |   3.3
        D:4 |     530 |       0 |   0.0 |      16 |       0 |   0.0
        D:5 |     291 |      95 |  24.6 |       7 |       3 |  30.0
            +---------+---------+-------+---------+---------+-------
